 Dungeon Crawl Stone Soup version 0.23-a0-701-gd76f34b (webtiles) character file.

10 tilp the Caller (level 2, 15/15 HPs)
             Began as a Tengu Summoner on Jan 12, 2019.
             Quit the game on level 1 of the Dungeon.
             The game lasted 00:02:28 (604 turns).

tilp the Caller (Tengu Summoner)                     Turns: 604, Time: 00:02:29

Health: 15/15      AC:  2    Str:  8    XL:     2   Next: 20%
Magic:  6/6        EV: 12    Int: 15    God:
Gold:   27         SH:  0    Dex: 14    Spells: 4/5 levels left

rFire    . . .     SeeInvis .   f - -3 hand axe (curse)
rCold    . . .     Gourm    .   (no shield)
rNeg     . . .     Faith    .   a - +0 robe
rPois    .         Spirit   .   (helmet restricted)
rElec    .         Reflect  .   (no cloak)
rCorr    .         Harm     .   (no gloves)
MR       .....                  (boots unavailable)
Stlth    ++........             (no amulet)
HPRegen  0.05/turn              (no ring)
MPRegen  0.10/turn              (no ring)

@: no status effects
A: beak, talons 3
a: no special abilities


You were on level 1 of the Dungeon.
You were not hungry.

You visited 1 branch of the dungeon, and saw 1 of its levels.

You collected 27 gold pieces.

Inventory:

Hand Weapons
 b - a +0 club
 f - a cursed -3 hand axe (weapon)
Armour
 a - a +0 robe (worn)
 i - a +0 buckler
Scrolls
 e - a scroll of teleportation {unknown}
 g - a scroll of identify {unknown}
 j - a scroll of fear {unknown}
Potions
 d - a potion of heal wounds {unknown}
Comestibles
 c - a ration
 h - 5 chunks of flesh


   Skills:
 - Level 2.1 Dodging
 - Level 2.0 Stealth
 - Level 2.0 Spellcasting
 + Level 5.4 Summonings


You had 4 spell levels left.
You knew the following spells:

 Your Spells              Type           Power        Failure   Level  Hunger
a - Summon Small Mammal   Summ           ###.         2%          1    #......

Your spell library contained the following spells:

 Spells                   Type           Power        Failure   Level  Hunger
 Call Imp                 Summ           ###.....     3%          2    ###....
 Call Canine Familiar     Summ           ###.....     7%          3    ###....
 Summon Guardian Golem    Hex/Summ       #.......     22%         3    ###....
 Summon Ice Beast         Ice/Summ       #.......     58%         4    #####..
 Summon Lightning Spire   Summ/Air       #.......     58%         4    #####..


Dungeon Overview and Level Annotations

Branches:
Dungeon (1/15)

Altars:


Innate Abilities, Weirdness & Mutations

You have a beak for a mouth.
You have claws for feet.


Message History

You see here a rat corpse.
Found a golden potion.
The kobold barely misses you.
You hit the kobold but do no damage. You peck the kobold, but do no damage.
The kobold closely misses you.
You hit the kobold but do no damage. You claw the kobold. You peck the kobold.
You kill the kobold!
No target in view!
Things that are here:
a +0 dagger; a kobold corpse
Found 12 arrows.
Unknown command.
Unknown command.
You butcher the rat corpse.
h - 5 chunks of flesh (gained 1)
You see here a rat skeleton. x2
Found a dagger and a ring mail.
j - a scroll labeled GUMY WIACOEZ A hobgoblin comes into view.
Are you sure you want to abandon this character and quit the game? (Confirm with "yes".)

# ..... ###.#. (... #.g
....#. ..... ... #
#####.. .....##.##.# #
#...##.##.#...#. #
#.#.#...#...... # #
#.#..........! .. ##
#.#.#.).#..#.##.#.# .#
#.#.##...##.@...[.# ##
#.#......##...##..#
#####.##.##รท#..#...#
.......).#............#
.....###.......#...#).#
.........#...#.##.##..#
#######..##.##...... .#
#........###### #
#........#


You could see a hobgoblin (sleeping).

Vanquished Creatures
  A bat (D:1)
  A giant cockroach (D:1)
  3 goblins (D:1)
  A kobold (D:1)
  2 rats (D:1)
8 creatures vanquished.

Vanquished Creatures (collateral kills)
  A goblin (D:1)
  A rat (D:1)
2 creatures vanquished.

Grand Total: 10 creatures vanquished

Notes
Turn   | Place    | Note
-------+----------+-------------------------------------------
     0 | D:1      | tilp the Tengu Summoner began the quest for the Orb.
     0 | D:1      | Reached XP level 1. HP: 10/10 MP: 4/4
   292 | D:1      | Reached skill level 5 in Summonings
   482 | D:1      | Reached XP level 2. HP: 9/15 MP: 6/6
   604 | D:1      | Quit the game

Vault maps used:
D:1:      lightli_arrival_lavapool, minivault_14,
          hangedman_decor_clover_reticule

Skill      XL: |  1 |
---------------+----+-----
Summonings     | 5 |  5.4
Dodging        | |  2.1
Stealth        | |  2.0
Spellcasting   | |  2.0

Action                   || total
-------------------------++-------
Melee: Hand axe          ||    18
       Kick              ||     6
       Unarmed           ||     4
       Peck              ||     6
 Cast: Summon Small Mamm ||     7
 Stab: Sleeping          ||     1
Armor: Robe              ||     7
Dodge: Dodged            ||    14

Table legend:
 A = Non-vault XP
 B = Vault XP
 C = Vault XP percentage of total XP
 D = Non-vault monster count
 E = Vault monster count
 F = Vault count percentage of total count
                 A         B        C        D         E       F
            +---------+---------+-------+---------+---------+-------
      Total |      15 |       0 |   0.0 |      10 |       0 |   0.0
            +---------+---------+-------+---------+---------+-------
        D:1 |      15 |       0 |   0.0 |      10 |       0 |   0.0
            +---------+---------+-------+---------+---------+-------
